Map: Lost and Found LE

Players

Snute - Winner!

  • Race: Zerg Zerg
  • Spawn Location: 7:00

Cuddlebear

  • Race: Terran Terran
  • Spawn Location: 1:00

Event: WCS Montreal 2018

VOD

Have the link to the VOD?

Description

Time

  • Played on: Sept. 7, 2018, 1:06 p.m.
  • Length: 5:47

All games in this series

Show
View Real Time Build Order
Export as new Build Order

Snute Zerg - Winner!

Build Orders: Pool First 

Get SALT Encoding   

  12  0:00  Drone  
  13  0:12  Overlord  
  13  0:16  Drone  
  14  0:30  Drone x2  
  14  0:34  Drone  
  17  0:43  Spawning Pool  
  17  0:48  Drone  
  17  1:08  Hatchery  
  17  1:10  Drone  
  17  1:13  Drone  
  17  1:17  Extractor  
  17  1:18  Drone  
  18  1:29  Queen  
  18  1:31  Zergling x2  
  21  1:38  Overlord  
  21  1:49  Drone  
  22  2:00  Zergling x2  
  23  2:02  Spine Crawler  
  23  2:07  Queen  
  23  2:17  Zergling x2  
  24  2:23  Zergling x2  
  24  2:24  Zergling x2  
  24  2:34  Zergling x4  
  18  2:53  Drone, Overlord  
  18  2:58  Drone  
  20  3:01  Drone  
  21  3:06  Drone  
  21  3:11  Drone  
  22  3:15  Drone  
  22  3:19  Drone  
  24  3:25  Drone  
  25  3:31  Drone  
  26  3:35  Drone  
  27  3:43  Zergling x2, Metabolic Boost  
  28  3:49  Overlord  
  28  3:50  Drone  
  28  3:54  Drone  
  30  3:56  Drone  
  30  4:01  Drone x2  
  32  4:03  Drone  
  32  4:05  Drone  
  33  4:12  Drone x2  
  33  4:17  Drone  
  34  4:27  Drone x2  
  34  4:28  Drone  
  36  4:32  Drone  
  37  4:43  Hatchery  
  36  4:46  Zergling x4  
  36  4:48  Zergling x2  
  39  4:54  Zergling x2  
  39  4:56  Zergling x2  
  41  5:01  Zergling x6  
  41  5:05  Zergling x2  
  41  5:06  Zergling x4  
  47  5:07  Overlord  
  47  5:08  Drone  
  48  5:17  Drone  
  48  5:19  Drone  
  51  5:28  Drone  
  51  5:30  Drone x3  
  51  5:32  Drone  
Show
View Real Time Build Order
Export as new Build Order

Cuddlebear Terran 

Build Orders:  

Get SALT Encoding   

  12  0:01  SCV  
  13  0:14  SCV  
  13  0:20  Supply Depot  
  14  0:26  SCV  
  15  0:42  Barracks  
  15  0:51  Barracks  
  15  1:05  Barracks  
  15  1:08  SCV  
  16  1:21  SCV  
  17  1:29  Marine  
  18  1:33  Orbital Command  
  18  1:38  Marine  
  19  1:43  Supply Depot  
  19  1:47  Marine  
  20  1:57  Bunker  
  20  1:59  Marine  
  21  2:04  Bunker  
  21  2:08  Marine  
  21  2:13  Marine  
  23  2:15  SCV  
  23  2:21  Marine  
  25  2:26  Marine  
  25  2:33  Marine  
  24  2:39  Marine  
  25  2:44  Marine  
  25  2:50  SCV  
  25  2:51  Marine  
  25  2:57  Marine  
  26  3:02  SCV, Marine  
  28  3:09  Marine  
  29  3:14  SCV  
  29  3:15  Marine  
  29  3:16  Command Center  
  31  3:26  Refinery  
  31  3:28  Supply Depot  
  31  3:46  Command Center  
  31  3:48  SCV  
  31  4:00  SCV  
  30  4:12  SCV  
  28  4:24  SCV  
  28  4:30  Refinery  
  25  4:37  SCV  
  26  4:42  Marine  
  26  4:43  Barracks Tech Lab  
  27  4:47  Orbital Command  
  27  4:49  SCV  
  27  4:50  Marine  
  29  4:54  Factory  
  29  5:00  Barracks, Marine  
  29  5:01  SCV, Orbital Command  
  29  5:04  Marine  
  32  5:08  Engineering Bay, Marine  
  32  5:13  SCV  
  34  5:15  SCV  
  34  5:17  Marine  
  36  5:23  Refinery  
  36  5:25  SCV, Supply Depot  
  36  5:28  SCV  
  41  5:43  Starport, Factory Reactor  
Tags
 
Add a new tag
Caveats
  • Supply blocks, unpowered buildings, or Contaminate may cause inaccurate times.
  • Supply counts are checked every 10 seconds.